IL
LAS VEGAS 51S @ LOUISVILLE BATS
04/12/2048
 
TOP OF THE 1ST
Las Vegas 51s batting - Pitching for Louisville Bats : RHP Chris Galo
Pitching: RHP Chris Galo
Batting: SHB Jason Larson 0-0: Ball
1-0: Fly out, F9 (Flyball, 9, EV 90.6 MPH)
Batting: LHB Adam Hairston 0-0: Called Strike
0-1: Swinging Strike
0-2: Foul Ball, location: 2F
0-2: Ball
1-2: Fly out, F7 (Flyball, 7, EV 89.4 MPH)
Batting: LHB Bill Armijo 0-0: Called Strike
0-1: Ball
1-1: Ball
2-1: Ball
3-1: Base on Balls
Batting: RHB Ken Fitzpatrick 0-0: Called Strike
0-1: Ball
1-1: Ball
Bill Armijo is caught stealing 2nd base 2-4
Top of the 1st over - 0 runs, 0 hits, 0 errors, 0 left on base; Las Vegas 0 - Louisville 0
BOTTOM OF THE 1ST
Louisville Bats batting - Pitching for Las Vegas 51s : RHP Zhao-ying Joe
Pitching: RHP Zhao-ying Joe
Batting: RHB Ryan Short 0-0: Ground out 6-3 (Groundball, 6, EV 83.1 MPH)
Batting: LHB Satoru Handa 0-0: Ball
1-0: Called Strike
1-1: Foul Ball, location: 2F
1-2: Ball
2-2: Fly out, F7 (Flyball, 7, EV 94.4 MPH)
Batting: RHB Bruno André 0-0: Ball
1-0: Ball
2-0: Ball
3-0: Ground out 6-3 (Groundball, 56D, EV 82.5 MPH)
Bottom of the 1st over - 0 runs, 0 hits, 0 errors, 0 left on base; Las Vegas 0 - Louisville 0
TOP OF THE 2ND
Las Vegas 51s batting - Pitching for Louisville Bats : RHP Chris Galo
Batting: RHB Ken Fitzpatrick 0-0: Foul Ball, location: 2F
0-1: Foul Ball, location: 2F
0-2: Ball
1-2: Fly out, F8 (Flyball, 89D, EV 88.1 MPH)
Batting: RHB Darwin Mills 0-0: Ball
1-0: Called Strike
1-1: Fly out, F7 (Flyball, 7D, EV 101.9 MPH)
Batting: LHB Jose Chavez 0-0: Foul Ball, location: 2F
0-1: Swinging Strike
0-2: Strikes out swinging
Top of the 2nd over - 0 runs, 0 hits, 0 errors, 0 left on base; Las Vegas 0 - Louisville 0
BOTTOM OF THE 2ND
Louisville Bats batting - Pitching for Las Vegas 51s : RHP Zhao-ying Joe
Batting: SHB Freddie Farrar 0-0: Called Strike
0-1: Ground out 1-3 (Groundball, 34S, EV 57.5 MPH)
Batting: RHB Won-jun Park 0-0: Foul Ball, location: 2F
0-1: Fly out, F7 (Flyball, 7LM, EV 92.5 MPH)
Batting: SHB Paul Sandoval 0-0: DOUBLE (Line Drive, 9LS, EV 90.0 MPH)
Batting: RHB Colin Lord 0-0: SINGLE (Line Drive, 56D, EV 98.1 MPH)
Paul Sandoval to third
Runner from 3rd tries for Home, SAFE, throw by LF to home
Batting: RHB Eric Sullivan 0-0: Ball
1-0: Ball
2-0: Swinging Strike
2-1: Ball
3-1: Base on Balls
Colin Lord to second
Batting: RHB Matt Silva 0-0: Called Strike
0-1: Swinging Strike
0-2: Ball
1-2: Ball
2-2: Strikes out swinging
Bottom of the 2nd over - 1 run, 2 hits, 0 errors, 2 left on base; Las Vegas 0 - Louisville 1
TOP OF THE 3RD
Las Vegas 51s batting - Pitching for Louisville Bats : RHP Chris Galo
Batting: RHB Roger Renteria 0-0: Ground out 1-3 (Groundball, 13, EV 61.2 MPH)
Batting: RHB Zhao-ying Joe 0-0: Swinging Strike
0-1: Ball
1-1: Foul Ball, location: 2F
1-2: Foul Ball, location: 2F
1-2: Ball
2-2: SINGLE (Line Drive, 56D, EV 95.6 MPH)
Batting: RHB Alex Vasquez 0-0: Hit by Pitch
Zhao-ying Joe to second
Batting: SHB Jason Larson 0-0: Ball
1-0: Foul Ball, location: 2F
1-1: 3-RUN HOME RUN (Flyball, 9D, EV 95.0 MPH), Distance : 361 ft
Batting: LHB Adam Hairston 0-0: Called Strike
0-1: Foul Ball, location: 2F
0-2: Ball
1-2: SINGLE (Groundball, 6MD, EV 95.0 MPH)
Batting: LHB Bill Armijo 0-0: Foul Ball, location: 2F
0-1: Fly out, F9 (Line Drive, 9S, EV 86.2 MPH)
Batting: RHB Ken Fitzpatrick 0-0: DOUBLE (Line Drive, 7LM, EV 91.2 MPH)
Adam Hairston to third
Batting: RHB Darwin Mills 0-0: Swinging Strike
0-1: Foul Ball, location: 2F
0-2: Strikes out swinging
Top of the 3rd over - 3 runs, 4 hits, 0 errors, 2 left on base; Las Vegas 3 - Louisville 1
BOTTOM OF THE 3RD
Louisville Bats batting - Pitching for Las Vegas 51s : RHP Zhao-ying Joe
Batting: RHB Ryan Short 0-0: Ball
1-0: Ball
2-0: Fly out, F3 (Line Drive, 34, EV 71.2 MPH)
Batting: LHB Satoru Handa 0-0: Ball
1-0: DOUBLE (Line Drive, 7LS, EV 96.9 MPH)
Batting: RHB Bruno André 0-0: Called Strike
Satoru Handa steals 3rd base
0-1: Ground out 5-3 (Groundball, 56, EV 103.1 MPH)
Satoru Handa scores
Batting: SHB Freddie Farrar 0-0: Ball
1-0: Ball
2-0: Fly out, F7 (Flyball, 78S, EV 88.8 MPH)
Bottom of the 3rd over - 1 run, 1 hit, 0 errors, 0 left on base; Las Vegas 3 - Louisville 2
TOP OF THE 4TH
Las Vegas 51s batting - Pitching for Louisville Bats : RHP Chris Galo
Batting: LHB Jose Chavez 0-0: Ball
1-0: Fly out, F9 (Flyball, 9D, EV 105.0 MPH)
Batting: RHB Roger Renteria 0-0: SINGLE (Line Drive, 4MD, EV 95.0 MPH)
Batting: RHB Zhao-ying Joe 0-0: Ball
1-0: Called Strike
1-1: Ball
2-1: Ball
3-1: Grounds into double play, 4-6-3 (Groundball, 4S, EV 90.6 MPH)
Top of the 4th over - 0 runs, 1 hit, 0 errors, 0 left on base; Las Vegas 3 - Louisville 2
BOTTOM OF THE 4TH
Louisville Bats batting - Pitching for Las Vegas 51s : RHP Zhao-ying Joe
Batting: RHB Won-jun Park 0-0: Ball
1-0: Foul Ball, location: 2F
1-1: Called Strike
1-2: Foul Ball, location: 2F
1-2: Strikes out swinging
Batting: SHB Paul Sandoval 0-0: Fly out, F8 (Flyball, 8LXD, EV 103.1 MPH)
Batting: RHB Colin Lord 0-0: Ball
1-0: Ball
2-0: Ball
3-0: Called Strike
3-1: Base on Balls
Batting: RHB Eric Sullivan 0-0: Called Strike
0-1: Ball
1-1: Fly out, F9 (Flyball, 89S, EV 80.6 MPH)
Bottom of the 4th over - 0 runs, 0 hits, 0 errors, 1 left on base; Las Vegas 3 - Louisville 2
TOP OF THE 5TH
Las Vegas 51s batting - Pitching for Louisville Bats : RHP Chris Galo
Batting: RHB Alex Vasquez 0-0: Ball
1-0: Swinging Strike
1-1: Foul Ball, location: 2F
1-2: Foul Ball, location: 2F
1-2: Ball
2-2: Foul Ball, location: 2F
2-2: Ball
3-2: Base on Balls
Batting: SHB Jason Larson 0-0: Ball
1-0: Ball
2-0: Foul Ball, location: 2F
2-1: Foul Ball, location: 2F
2-2: Strikes out swinging
Batting: LHB Adam Hairston 0-0: Swinging Strike
0-1: Called Strike
0-2: Ball
1-2: Ball
2-2: Fly out, F8 (Flyball, 89XD, EV 106.2 MPH)
Batting: LHB Bill Armijo 0-0: Called Strike
0-1: Ball
1-1: Ball
2-1: Fly out, F9 (Line Drive, 89M, EV 108.8 MPH)
Top of the 5th over - 0 runs, 0 hits, 0 errors, 1 left on base; Las Vegas 3 - Louisville 2
BOTTOM OF THE 5TH
Louisville Bats batting - Pitching for Las Vegas 51s : RHP Zhao-ying Joe
Batting: RHB Matt Silva 0-0: Ball
1-0: Ball
2-0: Swinging Strike
2-1: Called Strike
2-2: Foul Ball, location: 2F
2-2: Ground out 5-3 (Groundball, 56, EV 85.0 MPH)
Batting: RHB Ryan Short 0-0: Ball
1-0: Ball
2-0: Ball
3-0: Called Strike
3-1: SINGLE (Groundball, 4MD, EV 99.4 MPH)
Batting: LHB Satoru Handa 0-0: Called Strike
0-1: Fielders Choice at 2nd, 3-6 (Groundball, 3S, EV 81.9 MPH)
Batting: RHB Bruno André 0-0: Ball
1-0: Called Strike
Satoru Handa steals 2nd base
1-1: Foul Ball, location: 2F
1-2: Ball
2-2: Ball
3-2: Base on Balls
Batting: SHB Freddie Farrar 0-0: Foul Ball, location: 2F
0-1: SINGLE (Groundball, 34S, EV 68.1 MPH) (infield hit)
Satoru Handa to third
Bruno André to second
Batting: RHB Won-jun Park 0-0: Foul Ball, location: 2F
0-1: Ground out 4-3 (Groundball, 34, EV 93.1 MPH)
Bottom of the 5th over - 0 runs, 2 hits, 0 errors, 3 left on base; Las Vegas 3 - Louisville 2
TOP OF THE 6TH
Las Vegas 51s batting - Pitching for Louisville Bats : RHP Chris Galo
Batting: RHB Ken Fitzpatrick 0-0: Foul Ball, location: 2F
0-1: Swinging Strike
0-2: SINGLE (Groundball, 56D, EV 108.1 MPH)
Batting: RHB Darwin Mills 0-0: SINGLE (Groundball, 56D, EV 96.2 MPH)
Ken Fitzpatrick to second
Batting: LHB Jose Chavez 0-0: Ball
1-0: Foul Ball, location: 2F
1-1: Ball
2-1: Hit by Pitch
Ken Fitzpatrick to third
Darwin Mills to second
Batting: RHB Roger Renteria 0-0: Ball
1-0: Ball
2-0: Ball
3-0: Called Strike
3-1: Grounds into double play, 5-2-3 (Groundball, 56, EV 81.9 MPH)
Darwin Mills to third
Jose Chavez to second
Batting: RHB Zhao-ying Joe 0-0: Ball
1-0: Called Strike
1-1: Ground out 5-3 (Groundball, 5S, EV 81.9 MPH)
Top of the 6th over - 0 runs, 2 hits, 0 errors, 2 left on base; Las Vegas 3 - Louisville 2
BOTTOM OF THE 6TH
Louisville Bats batting - Pitching for Las Vegas 51s : RHP Zhao-ying Joe
Batting: SHB Paul Sandoval 0-0: Ball
1-0: DOUBLE (Groundball, 3L, EV 95.6 MPH)
Batting: RHB Colin Lord 0-0: Called Strike
0-1: Foul Ball, location: 2F
0-2: Strikes out swinging
Batting: RHB Eric Sullivan 0-0: Fly out, F4 (Popup, 4M, EV 53.8 MPH)
Batting: RHB Matt Silva 0-0: Ball
1-0: Ball
2-0: Called Strike
2-1: Hit by Pitch
Batting: RHB Ryan Short 0-0: Ball
1-0: Called Strike
1-1: Foul Ball, location: 2F
1-2: Fielders Choice at 2nd, 6-4 (Groundball, 6, EV 110.0 MPH)
Bottom of the 6th over - 0 runs, 1 hit, 0 errors, 2 left on base; Las Vegas 3 - Louisville 2
TOP OF THE 7TH
Las Vegas 51s batting - Pitching for Louisville Bats : RHP Chris Galo
Batting: RHB Alex Vasquez 0-0: Called Strike
0-1: Called Strike
0-2: Ball
1-2: Ground out 5-3 (Groundball, 56, EV 106.9 MPH)
Batting: SHB Jason Larson 0-0: Foul Ball, location: 2F
0-1: Ball
1-1: Ground out 6-3 (Groundball, 6MS, EV 67.5 MPH)
Batting: LHB Adam Hairston 0-0: Foul Ball, location: 2F
0-1: Ball
1-1: Fly out, F9 (Flyball, 9S, EV 86.2 MPH)
Top of the 7th over - 0 runs, 0 hits, 0 errors, 0 left on base; Las Vegas 3 - Louisville 2
BOTTOM OF THE 7TH
Louisville Bats batting - Pitching for Las Vegas 51s : RHP Zhao-ying Joe
Batting: LHB Satoru Handa 0-0: Reached on error, E3 (Groundball, 34S, EV 78.1 MPH)
Batting: RHB Bruno André 0-0: Ball
1-0: Foul Ball, location: 2F
1-1: Ball
2-1: Ball
3-1: Swinging Strike
3-2: Foul Ball, location: 2F
3-2: Ground out 6-3 (Groundball, 56, EV 98.1 MPH)
Pitching: RHP Thomas Clark
Batting: SHB Freddie Farrar 0-0: Foul Ball, location: 2F
0-1: Called Strike
0-2: Ball
1-2: Fly out, F6 (Popup, 6M, EV 56.2 MPH)
Batting: RHB Won-jun Park 0-0: Ball
1-0: Ball
2-0: Called Strike
2-1: Foul Ball, location: 2F
2-2: Strikes out looking
Bottom of the 7th over - 0 runs, 0 hits, 1 error, 1 left on base; Las Vegas 3 - Louisville 2
TOP OF THE 8TH
Las Vegas 51s batting - Pitching for Louisville Bats : RHP Chris Galo
Pitching: LHP Jerry Nero
Batting: LHB Bill Armijo 0-0: Swinging Strike
0-1: Foul Ball, location: 2F
0-2: Ball
1-2: Foul Ball, location: 2F
1-2: Ball
2-2: Strikes out swinging
Pitching: RHP Tim Beck
Batting: RHB Ken Fitzpatrick 0-0: DOUBLE (Flyball, 78D, EV 101.9 MPH)
Pinch Runner at 2nd Josh Jones:
Batting: RHB Darwin Mills 0-0: Called Strike
0-1: Ball
1-1: Called Strike
1-2: Strikes out swinging
Batting: LHB Jose Chavez 0-0: Foul Ball, location: 2F
0-1: Ball
1-1: Ball
2-1: Ball
3-1: Called Strike
3-2: SINGLE (Line Drive, 78M, EV 110.6 MPH)
Josh Jones to third
Runner from 3rd tries for Home, SAFE, throw by LF to home
Jose Chavez to second
Batting: RHB Roger Renteria 0-0: Called Strike
0-1: Foul Ball, location: 2F
0-2: Ball
1-2: Ground out 5-3 (Groundball, 56, EV 100.0 MPH)
Top of the 8th over - 1 run, 2 hits, 0 errors, 1 left on base; Las Vegas 4 - Louisville 2
BOTTOM OF THE 8TH
Louisville Bats batting - Pitching for Las Vegas 51s : RHP Thomas Clark
Now at 3B: Nelson Powell
Batting: SHB Paul Sandoval 0-0: Called Strike
0-1: Foul Ball, location: 2F
0-2: Foul Ball, location: 2F
0-2: Ball
1-2: Ball
2-2: Foul Ball, location: 2F
2-2: Foul Ball, location: 2F
2-2: Strikes out swinging
Batting: RHB Colin Lord 0-0: Called Strike
0-1: Foul Ball, location: 2F
0-2: Strikes out swinging
Batting: RHB Eric Sullivan 0-0: Called Strike
0-1: Ball
1-1: Ball
2-1: Ball
3-1: Base on Balls
Batting: RHB Matt Silva 0-0: Ball
1-0: Ball
2-0: Fly out, F8 (Flyball, 8LD, EV 95.0 MPH)
Bottom of the 8th over - 0 runs, 0 hits, 0 errors, 1 left on base; Las Vegas 4 - Louisville 2
TOP OF THE 9TH
Las Vegas 51s batting - Pitching for Louisville Bats : RHP Tim Beck
Pitching: RHP Hideki Kobayashi
Batting: SHB Harrison Feist 0-0: Ball
1-0: Ground out U3 (Groundball, 3, EV 85.0 MPH)
Batting: RHB Alex Vasquez 0-0: Foul Ball, location: 2F
0-1: Ball
1-1: Foul Ball, location: 2F
1-2: Ground out 5-3 (Groundball, 56, EV 105.6 MPH)
Batting: SHB Jason Larson 0-0: Ball
1-0: Ball
2-0: Ball
3-0: Base on Balls
Batting: LHB Adam Hairston 0-0: Ball
Jason Larson steals 2nd base (no throw)
1-0: Swinging Strike
1-1: Ball
2-1: Foul Ball, location: 2F
2-2: Strikes out swinging
Top of the 9th over - 0 runs, 0 hits, 0 errors, 1 left on base; Las Vegas 4 - Louisville 2
BOTTOM OF THE 9TH
Louisville Bats batting - Pitching for Las Vegas 51s : RHP Thomas Clark
Pitching: LHP Ken Dewey
Now at 1B: Roger Renteria
Now at 2B: Nick Rang
Batting: RHB Ryan Short 0-0: SINGLE (Groundball, 56D, EV 100.6 MPH)
Pinch Hitting: RHB Danny Real 0-0: Ball
1-0: Ball
2-0: Called Strike
2-1: Ball
3-1: SINGLE (Groundball, 56D, EV 103.1 MPH)
Ryan Short to second
Batting: RHB Bruno André 0-0: Called Strike
0-1: Foul Ball, location: 2F
0-2: Ball
1-2: Fly out, F6 (Popup, 15, EV 78.8 MPH)
Batting: SHB Freddie Farrar 0-0: Foul Ball, location: 2F
0-1: Ball
1-1: Grounds into double play, 1-6-3 (Groundball, 13S, EV 70.6 MPH)
Bottom of the 9th over - 0 runs, 2 hits, 0 errors, 1 left on base; Las Vegas 4 - Louisville 2
Tuesday, March 28th , 2023 - OOTP Baseball 23.10 Build 110